 Dungeon Crawl Stone Soup version 0.30-a0-439-g9e77e4d916 (webtiles) character file.

Game seed: 4818088752620409187

476 KennySheep the Shooter (level 7, -1/45 HPs)
             Began as a Tengu Hunter on Dec 10, 2022.
             Succumbed to a killer bee's poison
             ... on level 6 of the Dungeon.
             The game lasted 00:11:12 (4023 turns).

KennySheep the Shooter (Tengu Hunter)               Turns: 4023, Time: 00:11:12

Health: -1/45      AC:  4    Str: 10 (11) XL:     7   Next: 10%
Magic:  8/8        EV: 15    Int:  5 (7)  God:
Gold:   215        SH:  0    Dex: 17 (20) Spells: 6/6 levels left

rFire   + . .      SeeInvis .    a - +0 shortbow
rCold   + . .      Faith    .    (shield currently unavailable)
rNeg    . . .      Spirit   .    c - +0 leather armour
rPois   +          Reflect  .    (helmet restricted)
rElec   +          Harm     .    (no cloak)
rCorr   +          Rampage  .    h - +0 pair of gloves
Will    .....                    (boots unavailable)
Stlth   ++........               (no amulet)
HPRegen 0.27/turn                (no ring)
MPRegen 0.11/turn                (no ring)

@: lethally poisoned (-1 -> -12), resistant, flying quickly and evasively, quick
A: beak, talons 3, nimble flight, dopey 1, robust 1
a: no special abilities


You were on level 6 of the Dungeon.
You visited 1 branch of the dungeon, and saw 6 of its levels.

You collected 215 gold pieces.

Inventory:

Hand Weapons
 a - a +0 shortbow (weapon)
Armour
 c - a +0 leather armour (worn)
 h - a +0 pair of gloves (worn)
Jewellery
 j - a ring of poison resistance
Scrolls
 b - 2 scrolls of immolation
 e - 2 scrolls of teleportation
 f - 2 scrolls of noise
 i - a scroll of magic mapping {unknown}
 k - a scroll of amnesia {unknown}
 n - a scroll of torment {unknown}
 p - 2 scrolls of identify {unknown}
 r - a scroll of enchant armour {unknown}
Potions
 d - 2 potions of brilliance
 g - a potion of invisibility
 q - a potion of cancellation {unknown}


   Skills:
 + Level 3.6 Fighting
 * Level 6.7 Ranged Weapons
 + Level 4.0 Dodging
 + Level 3.4 Stealth


You had 6 spell levels left.
You didn't know any spells.
Your spell library contained the following spells:

 Spells                   Type           Power      Damage    Failure   Level
 Cigotuvi's Dreadful Rot  Necr/Pois/Air  0%         N/A       73%         2
 Ensorcelled Hibernation  Hex/Ice        0%         N/A       73%         2
 Passwall                 Tmut/Erth      0%         N/A       73%         2
 Swiftness                Air            0%         N/A       91%         3
 Dispel Undead            Necr           0%         3d6       100%        4
 Death Channel            Necr           0%         N/A       100%        6


Dungeon Overview and Level Annotations

Branches:
Dungeon (6/15)
 Temple: D:4-7

Altars:

Annotations:
D:3 1 runed translucent door, Crazy Yiuf, Robin
D:5 1 exclusion


Innate Abilities, Weirdness & Mutations

You have a beak for a mouth.
You have claws for feet.
Your magical nature lets you fly swiftly and evasively.
You are dopey. (Int -2)
You are robust. (+10% HP)


Message History

The white imp is almost dead.
The killer bee stings you but does no damage.
The killer bee barely misses you.
You shoot an arrow. The arrow hits the killer bee!
The killer bee is severely wounded.
The killer bee misses you. The killer bee closely misses you. x2
You shoot an arrow. The arrow barely misses the killer bee.
The arrow hits the white imp!
You kill the white imp!
The killer bee stings you! The killer bee stings you.
You shoot an arrow.
The arrow hits the killer bee but does no damage.
The killer bee is severely wounded.
The killer bee barely misses you.
The killer bee stings you but does no damage.
The killer bee completely misses you.
You shoot an arrow. The arrow hits the killer bee.
The killer bee is severely wounded.
The killer bee stings you.
You are poisoned.
The killer bee poisons you! The killer bee stings you.
* * * LOW HITPOINT WARNING * * *
You are lethally poisoned!
The killer bee poisons you!
It was a potion of resistance.
You feel protected.
* * * LOW HITPOINT WARNING * * *
You feel very sick.
The killer bee stings you but does no damage.
The killer bee closely misses you.
It was a potion of mutation.
You feel extremely strange.
You feel robust.
You feel stupid.
* * * LOW HITPOINT WARNING * * *
You feel very sick.
The killer bee stings you but does no damage.
The killer bee closely misses you.
It was a potion of degeneration.
There was something very wrong with that liquid.
You feel weakened.
You feel dopey.
You feel clumsy.
You die...

##### #####...##
####
.........######....
.................#
.###......[.####.#
.#
##...#...####.###.##
.#
########..........#
.# #.###@### .#
##.###y# .# #...##.#
. .#
.......#....###..y(
######...##....y...
##.###..##..#. #.
##.# .. #. .# #. .#


You could see a killer bee.

Vanquished Creatures
  A black bear (D:4)
  A bullfrog (D:6)
  2 killer bees (D:6)
  A hound (D:4)
  An orc priest (D:4)
  2 orc wizards (D:4)
  A gnoll (D:5)
  3 adders
  A white imp (D:6)
  An ufetubus (D:4)
  A worm (D:4)
  6 orcs
  7 ball pythons
  11 bats
  2 endoplasms
  4 giant cockroaches
  12 goblins
  4 hobgoblins
  5 quokkas
  3 frilled lizards
  9 kobolds
  3 rats
81 creatures vanquished.

Notes
Turn   | Place    | Note
-------+----------+-------------------------------------------
     0 | D:1      | KennySheep the Tengu Hunter began the quest for the Orb.
     0 | D:1      | Reached XP level 1. HP: 12/12 MP: 2/2
    95 | D:1      | Reached XP level 2. HP: 17/17 MP: 3/3
   384 | D:1      | Reached XP level 3. HP: 21/21 MP: 4/4
   684 | D:2      | Reached skill level 5 in Ranged Weapons
  1353 | D:3      | Noticed Robin
  1426 | D:3      | Reached XP level 4. HP: 27/27 MP: 5/5
  1445 | D:3      | Found a runed translucent door.
  1446 | D:3      | Noticed Crazy Yiuf
  2003 | D:4      | Noticed a necrophage
  2191 | D:4      | Noticed a black bear
  2366 | D:4      | Killed a black bear
  2367 | D:4      | Gained mutation: Your magical nature lets you fly swiftly
                  | and evasively. [Tengu growth]
  2367 | D:4      | Reached XP level 5. HP: 6/32 MP: 6/6
  2767 | D:4      | Reached skill level 6 in Ranged Weapons
  2767 | D:4      | Reached XP level 6. HP: 37/37 MP: 7/7
  3759 | D:5      | Entered Level 5 of the Dungeon
  3782 | D:5      | Noticed a troll
  4014 | D:6      | Reached XP level 7. HP: 24/41 MP: 8/8
  4022 | D:6      | Gained mutation: You are robust. (+10% HP) [potion of
                  | mutation]
  4022 | D:6      | Gained mutation: You are dopey. (Int -2) [potion of
                  | mutation]
  4022 | D:6      | HP: 2/45 [poisoned by a killer bee]
  4023 | D:6      | Succumbed to a killer bee's poison

Illustrated notes

Levels and vault maps discovered:
D:1:      nagdon_arrival_double_spiral, layout_basic, kennysheep_crisscross
D:2:      layout_loops_ring
D:3:      layout_rooms, uniq_crazy_yiuf_cottage, uniq_robin
D:4:      layout_basic
D:5:      layout_basic, lemuel_round_altar, serial_corexii_hall,
          corexii_hall_statues_i, corexii_hall_statues_i
D:6:      layout_loops_ring, minmay_temple_entry_grid, uniq_sigmund,
          uniq_duvessa, uniq_pikel

Skill      XL: |  1  2  3  4  5  6 |
---------------+-------------------+-----
Ranged Weapons | 5 6 |  6.7
Stealth        | 2 3 |  3.4
Dodging        | 3 4 |  4.0
Fighting       | 3 |  3.6

Action                   |  1- 3 |  4- 6 |  7- 9 || total
-------------------------+-------+-------+-------++-------
 Fire: Shortbow          |   100 |   144 |     7 ||   251
  Use: Potion            |       |     4 |     3 ||     7
       Scroll            |       |     2 |       ||     2
Armor: Leather armour    |    22 |    17 |     5 ||    44
Dodge: Dodged            |    55 |    60 |    12 ||   127

Table legend: (Time is in decaauts)
 A = Elapsed time spent in this place.
 B = Non-inter-level travel time spent in this place.
 C = Inter-level travel time spent in this place.
 D = Time resting spent in this place.
 E = Time spent auto-exploring this place.
 F = Levels seen in this place.
 G = Mean time per level.
                   A        B        C        D        E       F      G
               +--------+--------+--------+--------+--------+-----+--------+
         Total |   3992 |   3690 |    302 |    307 |   2626 |   6 |  665.3 |
       Dungeon |   3992 |   3690 |    302 |    307 |   2626 |   6 |  665.3 |
               +--------+--------+--------+--------+--------+-----+--------+

Top non-repeatable levels by time:
     D:4: 1764 daAuts
     D:2: 882 daAuts
     D:1: 593 daAuts
     D:3: 528 daAuts
     D:6: 158 daAuts
     D:5: 65 daAuts
